 Dungeon Crawl Stone Soup version 0.27-a0-1301-g128193abf8 (webtiles) character file.

Game seed: 13740003854737621605

0 spiderkeys the Skirmisher (level 1, -1/19 HPs)
             Began as a Palentonga Abyssal Knight on June 18, 2021.
             Was a Follower of Lugonu.
             Slain by an ancient zyme (6 damage)
             ... on level 1 of the Abyss.
             The game lasted 00:00:08 (102 turns).

spiderkeys the Skirmisher (PaAK)                     Turns: 102, Time: 00:00:09

Health: -1/19      AC:  4    Str: 15    XL:     1   Next: 0%
Magic:  2/2        EV:  9    Int: 12    God:    Lugonu [*.....]
Gold:   0          SH:  0    Dex:  9    Spells: 0/0 levels left

rFire    . . .     SeeInvis +   a - +1 hand axe
rCold    . . .     Faith    .   (no shield)
rNeg     . . .     Spirit   .   b - +0 leather armour
rPois    .         Reflect  .   (no helmet)
rElec    .         Harm     .   (no cloak)
rCorr    .         Rampage  .   (no gloves)
Will     .....                  (no barding)
Stlth    +.........             (no amulet)
HPRegen  0.00/turn              (no ring)
MPRegen  0.08/turn              (no ring)

@: mildly diseased
A: large, rugged brown scales 3, see invisible, deformed body, roll 1, armoured
tail
a: Rolling Charge, Renounce Religion, Depart the Abyss


You were on level 1 of the Abyss.
You worshipped Lugonu.
Lugonu was aware of your devotion.
You visited 0 branches of the dungeon, and saw 0 of its levels.
You visited the Abyss 1 time.


Innate Abilities, Weirdness & Mutations

You are completely covered in rugged brown scales. (AC +3, +7% HP)
You have supernaturally acute eyesight. (SInv)
Armour fits poorly on your strangely shaped body.
You can roll at nearby foes to attack.
You have a long armoured tail.


   Skills:
 + Level 3.0 Fighting
 + Level 2.0 Axes
 + Level 1.5 Armour
 + Level 0.7 Dodging
 + Level 2.0 Invocations


You couldn't memorise any spells.
You didn't know any spells.
Your spell library was empty.

Inventory:

Hand Weapons
 a - a +1 hand axe (weapon)
Armour
 b - a +0 leather armour (worn)

Dungeon Overview and Level Annotations

Branches:
Dungeon (0/15)

Altars:

....#...# !..
...##..#.### ##.
.......#...#....
#.#.#....#X.#
##..#......#.#
###...X #..#..
##..###### .
####x..#
#....@.#
#..##..# #.#
...# .. ..###
#.. .#. .# .#..
.. .. .# ##.


You could see a tentacled starspawn and an ancient zyme.


Message History

🤖 Initializing magus.rc ...
Options error: Delay interrupt name "hungry" not recognised. (~/.crawlrc:4988) ✅ Successfully initialized magus.rc [v1.9.10] Welcome, spiderkeys the Palentonga Abyssal Knight.
Will you prevail where others failed? Will you find the Orb of Zot?
Lugonu says: Depart the Abyss and spread corruption, my servant! (use the ability menu to exit the Abyss) Press ? for a list of commands and other information.
Found a corrupted altar of Lugonu and a broken altar of Ashenzari.
A tentacled starspawn comes into view.
Tentacles burst from the starspawn's body! 2 starspawn tentacles come into view.
An ancient zyme comes into view.
You feel yourself growing ill in the presence of the ancient zyme.
You feel ill. The ancient zyme hits you!
Ouch! That really hurt!
* * * LOW HITPOINT WARNING * * *
The ancient zyme closely misses you. 😨 HP[-14]
You take 14 damage, and now have 5/19 hp.
MASSIVE DAMAGE!! (PAUSE)
You hit the ancient zyme. The ancient zyme barely misses you.
The ancient zyme hits you.
You die...

Action                   || total
-------------------------++-------
Melee: Hand axe          ||     1
Dodge: Dodged            ||     2

Levels and vault maps discovered:
Abyss:1:  base: Temple, base: Temple, base:
Temple

Notes
Turn   | Place    | Note
-------+----------+-------------------------------------------
     0 | Abyss:1  | spiderkeys the Palentonga Abyssal Knight began the quest
                  | for the Orb.
     0 | Abyss:1  | Reached XP level 1. HP: 19/19 MP: 2/2
     0 | Abyss:1  | magus.rc [v1.9.10]
    89 | Abyss:1  | Noticed a tentacled starspawn
    97 | Abyss:1  | Noticed an ancient zyme
   102 | Abyss:1  | Slain by an ancient zyme

Vanquished Creatures (others)
  2 starspawn tentacles (Abyss:1)
2 creatures vanquished.

Table legend:
 A = Non-vault XP
 B = Vault XP
 C = Vault XP percentage of total XP
 D = Non-vault monster count
 E = Vault monster count
 F = Vault count percentage of total count
                 A         B        C        D         E       F
            +---------+---------+-------+---------+---------+-------
      Total |       0 |       0 |   N/A |       0 |       0 |  -nan
            +---------+---------+-------+---------+---------+-------
            +---------+---------+-------+---------+---------+-------

Illustrated notes

Table legend: (Time is in decaauts)
 A = Elapsed time spent in this place.
 B = Non-inter-level travel time spent in this place.
 C = Inter-level travel time spent in this place.
 D = Time resting spent in this place.
 E = Time spent auto-exploring this place.
 F = Levels seen in this place.
 G = Mean time per level.
                   A        B        C        D        E       F      G
               +--------+--------+--------+--------+--------+-----+--------+
         Total |    102 |    102 |      0 |      0 |     85 |   1 |  102.0 |
         Abyss |    102 |    102 |      0 |      0 |     85 |   1 |  102.0 |
               +--------+--------+--------+--------+--------+-----+--------+

Top non-repeatable levels by time:
 Abyss:1: 102 daAuts
